 Dungeon Crawl Stone Soup version 0.31.0-1-g2c135a0 (webtiles) character file.

Game seed: 11193414384985216232

8581 Jonathan123 the Cleaver (level 11, -4/97 HPs)
             Began as a Hill Orc Monk on Apr 7, 2024.
             Was a High Priest of Okawaru.
             Slain by Amaemon
             ... wielding a -1 demon whip of venom
              (8 damage)
             ... on level 2 of the Lair of Beasts.
             The game lasted 00:27:20 (9744 turns).

Jonathan123 the Cleaver (Hill Orc Monk)             Turns: 9744, Time: 00:27:20

Health: -4/97      AC: 13    Str: 21    XL:     11   Next: 33%
Magic:  11/11      EV: 13    Int: 10    God:    Okawaru [*****.]
Gold:   261        SH:  5    Dex: 13    Spells: 10/10 levels left

rFire   . . .        k - +4 hand axe (chaos)
rCold   . . .        d - orb {light}
rNeg    . . .        s - +3 ring mail "Esoed" {rElec Str+2}
rPois   +            (helmet restricted)
rElec   +            r - +0 cloak
rCorr   .            h - +1 pair of gloves
SInv    .            (no boots)
Will    .....        v - amulet of reflection
Stlth   +            e - ring of flight
HPRegen 0.36/turn    j - ring of poison resistance
MPRegen 0.12/turn

%: reflection
@: lethally poisoned (-4 -> -84), flying, slowed, glowing, very slow
A: antennae 1, talons 1, noise suppression
a: Renounce Religion, Heroism, Finesse, Duel


You were on level 2 of the Lair of Beasts.
You worshipped Okawaru.
Okawaru was extremely pleased with you.
You visited 3 branches of the dungeon, and saw 11 of its levels.

You collected 485 gold pieces.
You spent 224 gold pieces at shops.

Inventory:

Hand Weapons
 k - a +4 hand axe of chaos (weapon)
 m - a +0 spear
 n - the +5 trident "Orb Guardian's Peril" {heavy, rC+ Str+6 SInv Stlth-}
   (You took it off a spriggan on level 8 of the Dungeon)

   Str+6:     It affects your strength (+6).
   rC+:       It protects you from cold.
   SInv:      It lets you see invisible.
   Stlth-:    It makes you less stealthy.
Missiles
 B - 4 throwing nets
 C - 8 boomerangs
 D - a javelin
 G - a silver javelin (quivered)
Armour
 d - an orb of light (worn)
 h - a +1 pair of gloves (worn)
 l - a +1 helmet
 r - a +0 cloak (worn)
 s - the +3 ring mail "Esoed" (worn) {rElec Str+2}
   (You found it on level 3 of the Dungeon)

   Str+2:     It affects your strength (+2).
   rElec:     It insulates you from electricity.
Jewellery
 a - an amulet of reflection
 e - a ring of flight (left hand)
 f - a ring of wizardry
 j - a ring of poison resistance (right hand)
 u - a ring of protection from cold
 v - an amulet of reflection (around neck)
 F - a ring of positive energy
Talismans
 g - a beast talisman
 o - a storm talisman
Wands
 b - a wand of mindburst (13)
 c - a wand of paralysis (32)
 w - a wand of flame (15)
Scrolls
 i - 2 scrolls of amnesia
 x - a scroll of teleportation
 y - 2 scrolls of poison
 z - 2 scrolls of blinking {unknown}
Potions
 p - 2 potions of brilliance
 q - 2 potions of lignification
 t - a potion of invisibility
 A - 2 potions of enlightenment


   Skills:
 + Level 9.6 Fighting
 * Level 13.6 Axes
 + Level 7.5 Armour
 + Level 6.3 Dodging
 - Level 0.1 Stealth
 + Level 6.6 Evocations


You had 10 spell levels left.
You didn't know any spells.
Your spell library contained the following spells:

 Spells                   Type           Power      Damage    Failure   Level
 Apportation              Tloc           0%         N/A       50%         1
 Magic Dart               Conj           0%         1d3       50%         1
 Necrotise                Necr           0%         1d4       50%         1
 Shock                    Conj/Air       0%         1d3       50%         1
 Slow                     Hex            0%         N/A       50%         1
 Sting                    Conj/Alch      0%         1d3       50%         1
 Blink                    Tloc           0%         N/A       65%         2
 Jinxbite                 Hex            0%         N/A       65%         2
 Confusing Touch          Hex            0%         N/A       86%         3
 Frozen Ramparts          Ice            0%         1d1       86%         3
 Sigil of Binding         Hex            0%         N/A       86%         3
 Swiftness                Air            0%         N/A       86%         3
 Vampiric Draining        Necr           0%         2d6       86%         3
 Airstrike                Air            0%         2d(0-16)  99%         4
 Leda's Liquefaction      Alch/Erth      0%         N/A       99%         4
 Petrify                  Alch/Erth      0%         N/A       99%         4
 Alistair's Intoxication  Alch           0%         N/A       100%        5
 Metabolic Englaciation   Hex/Ice        0%         N/A       100%        5
 Summon Small Mammal      Summ           Unusable   N/A       N/A         1
 Call Imp                 Summ           Unusable   N/A       N/A         2

Dungeon Overview and Level Annotations

Branches:
Dungeon (8/15)             Temple (1/1) D:4            Lair (2/5) D:8
  Swamp: Lair:2-3    Shoals: Lair:2-3     Snake: Lair:2-3    Spider: Lair:2-3

Altars:
Cheibriados
Dithmenos
Elyvilon
Gozag
Hepliaklqana
Kikubaaqudgha
Makhleb
Nemelex Xobeh
Okawaru
Qazlal
Ru
Sif Muna
Trog
Uskayaw
Vehumet
Wu Jian
Xom
Yredelemnul
Zin
The Shining One

Shops:
D:8 (

Annotations:
D:8 exclusion: statue
Lair:2 Amaemon


Innate Abilities, Weirdness & Mutations

You have a pair of small antennae on your head.
You have sharp toenails.
You passively dampen the noise of your surroundings.


Message History

You feel extremely sick.
The orange demon stings you but does no damage.
You are too injured to fight recklessly!
What are your orders? t - Shout!
Orders for allies: a - Attack new target. p - Attack previous target. r - Retreat! s - Stop attacking. g - Guard the area. f - Follow me.
Anything else - Cancel.
Okay, then.
You feel much better.
You feel very sick.
You throw a silver javelin.
The silver javelin barely misses Amaemon.
The silver javelin pierces through the orange demon!
The orange demon is heavily wounded.
The silver javelin pierces through the scorpion.
The scorpion is heavily wounded.
You feel very sick. Amaemon completely misses you.
Amaemon claws you but does no damage. Amaemon tail-slaps you.
You are more poisoned.
Amaemon poisons you! The orange demon stings you from afar!
You are lethally poisoned!
You have difficulty breathing.
* * * LOW HITPOINT WARNING * * *
You feel as though you will be slow longer.
Amaemon misses you. Amaemon claws you but does no damage.
Amaemon barely misses you.
* * * LOW HITPOINT WARNING * * *
You feel extremely sick.
The orange demon attacks as it pursues you!
The orange demon stings you from afar.
* * * LOW HITPOINT WARNING * * *
You are more poisoned.
You have difficulty breathing.
* * * LOW HITPOINT WARNING * * *
You feel as though you will be slow longer.
Amaemon hits you with a -1 demon whip of venom!
You die...

#......(......#
#.............#
#...........##
#..........#
#..#.# #..#s###
##.P.4.#
#...6..#
#.<.@.##
##....##
#......#
#.#####.# ###
##


You could see Amaemon, an orange demon (curare) and a scorpion (summoned,
curare).

Vanquished Creatures
  The ghost of Estrea the Mimic, a novice OpSh of Okawaru (D:8)
  2 cane toads (Lair:1)
  A komodo dragon (Lair:1)
  A rime drake (D:8)
  4 polar bears
  Sigmund (D:5)
  A wyvern (D:5)
  2 spriggans (D:8)
  A shadow (D:7)
  10 yaks
  2 basilisks (Lair:1)
  Menkaure (D:4)
  The ghost of cheolkong the Sneak, an amateur KoBr (D:3)
  2 water moccasins
  3 ogres
  8 ice beasts
  10 wolves (Lair:1)
  A centaur (D:8)
  A kobold brigand (D:8)
  Blork the orc (D:5)
  3 bullfrogs
  A scorpion (D:5)
  4 killer bees (D:7)
  2 bombardier beetles
  3 jellies
  A gnoll bouda (D:5)
  2 hounds (D:5)
  3 orc priests
  4 sleepcaps
  5 iguanas
  4 orc wizards
  Robin (D:3)
  12 adders
  11 gnolls
  2 white imps
  2 dart slugs
  2 ribbon worms (D:4)
  10 orcs
  2 bats (D:3)
  4 endoplasms
  2 giant cockroaches (D:3)
  8 hobgoblins
  2 quokkas (D:3)
  11 ball pythons
  12 frilled lizards
  18 goblins
  12 kobolds
  2 rats
199 creatures vanquished.

Notes
Turn   | Place    | Note
-------+----------+-------------------------------------------
     0 | D:1      | Jonathan123 the Hill Orc Monk began the quest for the Orb.
     0 | D:1      | Reached XP level 1. HP: 19/19 MP: 1/1
   198 | D:1      | Reached XP level 2. HP: 22/27 MP: 2/2
   644 | D:1      | Reached XP level 3. HP: 34/34 MP: 3/3
  1393 | D:2      | Reached skill level 5 in Axes
  1393 | D:2      | Reached XP level 4. HP: 41/41 MP: 4/4
  1706 | D:3      | Noticed Robin
  1713 | D:3      | Killed Robin
  1725 | D:3      | Reached skill level 1 in Armour
  1843 | D:3      | Reached XP level 5. HP: 46/47 MP: 5/5
  1869 | D:3      | Found a runed translucent door.
  1869 | D:3      | Noticed cheolkong's ghost (amateur KoBr)
  1889 | D:3      | Killed cheolkong's ghost
  1890 | D:3      | Reached skill level 5 in Fighting
  1890 | D:3      | Reached skill level 6 in Axes
  1890 | D:3      | Reached skill level 1 in Evocations
  1890 | D:3      | Reached XP level 6. HP: 49/56 MP: 6/6
  2270 | D:3      | Identified the +3 ring mail "Esoed" {rElec Str+2}
  3185 | D:4      | Found a shadowy altar of Dithmenos.
  3220 | D:4      | Noticed Menkaure
  3230 | D:4      | Killed Menkaure
  3231 | D:4      | Reached XP level 7. HP: 43/61 MP: 7/7
  3522 | D:4      | Found a staircase to the Ecumenical Temple.
  3528 | Temple   | Entered the Ecumenical Temple
  3621 | Temple   | Became a worshipper of Warmaster Okawaru
  3621 | Temple   | Reached * piety under Okawaru
  3621 | Temple   | Reached ** piety under Okawaru
  3711 | D:5      | Entered Level 5 of the Dungeon
  3737 | D:5      | Reached skill level 7 in Axes
  3781 | D:5      | Noticed Blork the orc
  3794 | D:5      | Killed Blork the orc
  4068 | D:5      | Found an ornate altar of the Wu Jian Council.
  4068 | D:5      | Noticed a wyvern
  4077 | D:5      | Killed a wyvern
  4102 | D:5      | Reached XP level 8. HP: 59/70 MP: 8/8
  4282 | D:5      | Noticed Sigmund
  4292 | D:5      | Killed Sigmund
  4293 | D:5      | Reached skill level 8 in Axes
  4936 | D:5      | Reached skill level 9 in Axes
  5301 | D:6      | Reached XP level 9. HP: 73/78 MP: 9/9
  5358 | D:6      | Found a sacrificial altar of Ru.
  5924 | D:7      | Found a white marble altar of Elyvilon.
  5942 | D:7      | Reached skill level 10 in Axes
  6056 | D:7      | Reached skill level 5 in Armour
  6696 | D:8      | Reached skill level 5 in Dodging
  6717 | D:8      | Noticed a polar bear
  6719 | D:8      | Noticed a polar bear
  6742 | D:7      | Killed a polar bear
  6742 | D:7      | Reached *** piety under Okawaru
  6744 | D:7      | Reached skill level 11 in Axes
  6800 | D:8      | Killed a polar bear
  6801 | D:8      | Reached skill level 5 in Evocations
  6981 | D:8      | Reached XP level 10. HP: 86/88 MP: 10/10
  7088 | D:8      | Found a staircase to the Lair.
  7238 | D:8      | Found an opulent altar of Gozag.
  7520 | D:8      | Found a runed translucent door.
  7520 | D:8      | Identified the +5 trident "Orb Guardian's Peril" {heavy,
                  | rC+ Str+6 SInv Stlth-}
  7523 | D:8      | Noticed Estrea's ghost (novice OpSh)
  7663 | D:8      | Gained mutation: You are partially covered in iridescent
                  | scales. (AC +2) [potion of mutation]
  7663 | D:8      | Gained mutation: Your system is resistant to poisons.
                  | (rPois) [potion of mutation]
  7663 | D:8      | Gained mutation: You occasionally lose the ability to read
                  | scrolls when taking damage. [potion of mutation]
  7663 | D:8      | Gained mutation: You have sharp toenails. [potion of
                  | mutation]
  7673 | D:8      | Reached skill level 12 in Axes
  7683 | D:8      | Killed Estrea's ghost
  7683 | D:8      | Reached **** piety under Okawaru
  7708 | D:8      | Lost mutation: You are partially covered in iridescent
                  | scales. (AC +2) [potion of mutation]
  7708 | D:8      | Lost mutation: You occasionally lose the ability to read
                  | scrolls when taking damage. [potion of mutation]
  7708 | D:8      | Lost mutation: Your system is resistant to poisons. (rPois)
                  | [potion of mutation]
  7708 | D:8      | Gained mutation: You have hidden genetic potential. [potion
                  | of mutation]
  7708 | D:8      | Gained mutation: You passively map a small area around you.
                  | [potion of mutation]
  7708 | D:8      | Gained mutation: You possess an exceptional clarity of
                  | mind. [potion of mutation]
  7708 | D:8      | Gained mutation: You have a pair of small antennae on your
                  | head. [potion of mutation]
  7709 | D:8      | Lost mutation: You passively map a small area around you.
                  | [potion of mutation]
  7709 | D:8      | Lost mutation: You have hidden genetic potential. [potion
                  | of mutation]
  7709 | D:8      | Gained mutation: Your health recovers twice as slowly from
                  | being drained. [potion of mutation]
  7709 | D:8      | Gained mutation: You have an increased reservoir of magic.
                  | (+10% MP) [potion of mutation]
  7954 | D:8      | Found Boxungat's Firing Range.
  7963 | D:8      | Bought 3 boomerangs for 84 gold pieces
  7963 | D:8      | Bought 5 boomerangs for 140 gold pieces
  7983 | D:8      | Lost mutation: Your health recovers twice as slowly from
                  | being drained. [potion of mutation]
  7983 | D:8      | Lost mutation: You possess an exceptional clarity of mind.
                  | [potion of mutation]
  7983 | D:8      | Lost mutation: You have an increased reservoir of magic.
                  | (+10% MP) [potion of mutation]
  7983 | D:8      | Gained mutation: You passively dampen the noise of your
                  | surroundings. [potion of mutation]
  8198 | D:8      | Found a radiant altar of Vehumet.
  8300 | Lair:1   | Entered Level 1 of the Lair of Beasts
  8539 | Lair:1   | Reached skill level 13 in Axes
  8539 | Lair:1   | Reached XP level 11. HP: 25/97 MP: 8/11
  9146 | Lair:1   | Reached ***** piety under Okawaru
  9308 | Lair:1   | Received a gift from Okawaru
  9731 | Lair:2   | Noticed Amaemon
  9744 | Lair:2   | HP: 4/97 [asphyx]
  9744 | Lair:2   | Slain by Amaemon

Illustrated notes

Levels and vault maps discovered:
D:1:      mainiacjoe_arrival_reflecting_pool, layout_basic, serial_bayou_pond_e,
          minmay_lizard_king
D:2:      layout_loops_cross
D:3:      layout_basic, hellmonk_ghost_happy_afterlife, uniq_robin
D:4:      layout_loops_cross, grunt_dithmenos_smoke, minmay_temple_entry_fiery,
          st_stairs_3, uniq_menkaure
D:5:      layout_cave_pods, mainiacjoe_overflow_concentric_impassable,
          minmay_misc_feat_diagonals, uniq_sigmund, uniq_blork_the_orc
D:6:      layout_cave_pools, mainiacjoe_overflow_surrounded_room,
          minmay_misc_feat_iff
D:7:      layout_gridville, elyvilon_altar_3
D:8:      layout_basic, vehumet_statue, grunt_gozag_breadcrumbs,
          hellmonk_lair_entry_icy, ebering_ghost_funeral_grove,
          serial_bayou_lagoon_a, nicolae_shop_firing_range
Temple:   eino_temple_lava
Lair:1:   layout_cave_pods, cheibrodos_lair_caveside_slide,
          nicolae_quartered_pool_little
Lair:2:   layout_regular_city, basic_altar, kennysheep_snail_temple,
          uniq_amaemon

Skill      XL: |  1  2  3  4  5  6  7  8  9 10 |
---------------+-------------------------------+-----
Fighting       | 4 5 6 8 9 |  9.6
Axes           | 5 6 7 9 11 13 | 13.6
Armour         | 1 2 3 4 5 7 |  7.5
Dodging        | 3 4 5 6 |  6.3
Evocations     | 1 2 3 5 6 |  6.6
Stealth        | |  0.1

Action                     |  1- 3 |  4- 6 |  7- 9 | 10-12 || total
---------------------------+-------+-------+-------+-------++-------
  Melee: Hand axe          |    82 |   128 |   234 |    91 ||   535
         Trident           |       |       |       |    56 ||    56
         Kick              |       |       |       |    41 ||    41
  Throw: Throwing net      |       |     1 |       |       ||     1
         Javelin           |       |       |       |     2 ||     2
 Invoke: Heroism           |       |       |     8 |     4 ||    12
    Use: Potion            |     2 |     1 |     5 |     9 ||    17
         Scroll            |     6 |     3 |     4 |     1 ||    14
   Stab: Confused          |       |     1 |     1 |     2 ||     4
         Petrifying        |       |       |     2 |       ||     2
         Petrified         |       |       |     2 |       ||     2
         Paralysed         |       |       |       |     1 ||     1
 Armour: Robe              |     4 |       |       |       ||     4
         Ring mail         |    32 |   117 |   175 |   153 ||   477
  Dodge: Dodged            |    33 |    72 |   173 |   123 ||   401
